 Dungeon Crawl Stone Soup version 0.21.1-1-g345015f (webtiles) character file.

82 sking99 the Sneak (level 4, -6/21 HPs)
             Began as a Spriggan Enchanter on June 21, 2018.
             Was a Follower of Okawaru.
             Mangled by sking99's ghost (10 damage)
             ... on level 3 of the Dungeon.
             The game lasted 00:16:15 (2799 turns).

sking99 the Sneak (Spriggan Enchanter)              Turns: 2799, Time: 00:16:15

Health: -6/21      AC:  2    Str:  4    XL:     4   Next: 21%
Magic:  9/9        EV: 19    Int: 17    God:    Okawaru [*.....]
Gold:   155        SH:  0    Dex: 16    Spells: 3/9 levels left

rFire    . . .     SeeInvis +   a - +1 dagger
rCold    . . .     Gourm    .   (shield restricted)
rNeg     . . .     Faith    .   b - +0 robe
rPois    .         Spirit   .   (helmet restricted)
rElec    .         Reflect  .   (no cloak)
rCorr    .         Harm     .   (gloves unavailable)
MR       .....                  (boots unavailable)
Stlth    +++.......             (no amulet)
HPRegen  0.07/turn              (no ring)
MPRegen  0.11/turn              (no ring)

@: very quick
A: very small, unfitting armour, see invisible, herbivore, speed 3, slow
metabolism 2
a: Heroism, Renounce Religion


You were on level 3 of the Dungeon.
You worshipped Okawaru.
Okawaru was aware of your devotion.
You were not hungry.

You visited 1 branch of the dungeon, and saw 3 of its levels.

You collected 155 gold pieces.

Inventory:

Hand Weapons
 a - a +1 dagger (weapon)
Armour
 b - a +0 robe (worn)
Jewellery
 k - an uncursed ring of resist corrosion {unknown}
 q - an uncursed amulet of magic regeneration {unknown}
Scrolls
 h - a scroll of enchant weapon {unknown}
 i - a scroll of immolation {unknown}
 j - a scroll of identify {unknown}
 l - a scroll of blinking {unknown}
 m - a scroll of noise {unknown}
 n - a scroll of magic mapping {unknown}
 o - 3 scrolls of teleportation {unknown}
 p - a scroll of fear {unknown}
 r - a scroll of random uselessness {unknown}
Potions
 e - a potion of degeneration {unknown}
 f - 3 potions of curing {unknown}
 g - 2 potions of resistance {unknown}
Books
 c - a book of Maledictions

   Spells                             Type                      Level
   a - Corona                         Hexes                        1
   b - Ensorcelled Hibernation        Hexes/Ice                    2
   c - Confuse                        Hexes                        3
   d - Tukima's Dance                 Hexes                        3
   e - Dazzling Spray                 Conjuration/Hexes            3


   Skills:
 - Level 1.1 Short Blades
 + Level 4.1 Dodging
 + Level 5.6 Stealth
 - Level 3.0 Spellcasting
 + Level 4.5 Hexes
 + Level 0.2 Ice Magic
 + Level 0.4 Invocations


You had 3 spell levels left.
You knew the following spells:

 Your Spells              Type           Power        Failure   Level  Hunger
a - Ensorcelled Hibernat  Hex/Ice        ##....       10%         2    ##.....
b - Corona                Hex            ###....      2%          1    None
c - Confuse               Hex            ###.....     9%          3    ###....


Dungeon Overview and Level Annotations

Branches:
Dungeon (3/15)

Altars:
Okawaru

Annotations:
D:3 sking99's ghost, amateur HOFi


Innate Abilities, Weirdness & Mutations

You are very small and have problems with some larger weapons.
You are too small for most types of armour.
You have supernaturally acute eyesight. (SInv)
You are a herbivore.
You cover ground extremely quickly.
You need consume almost no food.


Message History

The kobold completely misses you.
You miss the kobold.
The kobold is severely wounded.
The kobold misses you.
You hit the kobold.
You kill the kobold!
Okawaru accepts your kill.
You see here a kobold corpse.
There is a stone staircase leading down here.
You start resting.
HP restored.
You start resting.
Magic restored.
You climb downwards.
Level annotation: sking99's ghost, amateur HOFi Sking99's ghost hits you! x2
* * * LOW HITPOINT WARNING * * *
There is a stone staircase leading up, spattered with blood here.
Sking99's ghost hits you!
You die...

### ... .. #.< #.
...#.##.#####
#.##........#
#.#####.###.#####
###.#####.#.......#
#.........#...###.##
#..@W..####....##...
#..รท...# #..#.)....
#......# #.W#..#...
#.....## #...)...##
#####.## #.......#
#......#####W.#.#.#
#.##.#..........#.#
#..(.......###.#
.....#.##..##.# #.#


You could see sking99's ghost.

Vanquished Creatures
  2 adders (D:2)
  2 oozes
  A dart slug (D:2)
  3 leopard geckos
  An orc (D:3)
  5 goblins
  7 hobgoblins
  3 jackals (D:1)
  A quokka (D:2)
  4 bats
  4 frilled lizards
  11 kobolds
  5 rats
49 creatures vanquished.

Notes
Turn   | Place    | Note
-------+----------+-------------------------------------------
     0 | D:1      | sking99 the Spriggan Enchanter began the quest for the Orb.
     0 | D:1      | Reached XP level 1. HP: 9/9 MP: 5/5
    57 | D:1      | Reached XP level 2. HP: 13/13 MP: 7/7
    61 | D:1      | Learned a level 2 spell: Ensorcelled Hibernation
   828 | D:1      | Reached skill level 5 in Stealth
  1217 | D:1      | Reached XP level 3. HP: 11/16 MP: 0/8
  1890 | D:2      | Found a faded altar of an unknown god.
  1898 | D:2      | Became a worshipper of Warmaster Okawaru
  1898 | D:2      | Reached * piety under Okawaru
  2068 | D:2      | Learned a level 3 spell: Confuse
  2141 | D:2      | Reached XP level 4. HP: 19/21 MP: 9/9
  2686 | D:3      | Noticed sking99's ghost (amateur HOFi)
  2799 | D:3      | Mangled by sking99's ghost

Skill      XL: |  1  2  3 |
---------------+----------+-----
Spellcasting   | 3 |  3.0
Hexes          | 4 |  4.5
Stealth        | 5 |  5.6
Dodging        | 4 |  4.1
Short Blades   | |  1.1
Ice Magic      | |  0.2
Invocations    | |  0.4

Action                   |  1- 3 |  4- 6 || total
-------------------------+-------+-------++-------
Melee: Dagger            |    80 |    38 ||   118
 Cast: Ensorcelled Hiber |    36 |    11 ||    47
       Confuse           |       |     3 ||     3
 Stab: Sleeping          |    30 |     6 ||    36
  Eat: Ration            |       |     2 ||     2
Armor: Robe              |    19 |     2 ||    21
Dodge: Dodged            |    92 |    28 ||   120
